 Dungeon Crawl Stone Soup version 0.20-a0-1074-g6a0a8e1 (webtiles) character file.

13286 JiminyCricket the Severer (level 11, -5/104 HPs)
             Began as a Minotaur Berserker on Apr 29, 2017.
             Was a High Priest of Trog.
             Slain by a four-headed hydra (10 damage)
             ... on level 3 of the Lair of Beasts.
             The game lasted 00:56:58 (13695 turns).

JiminyCricket the Severer (Minotaur Berserker)     Turns: 13695, Time: 00:56:58

Health: -5/104     AC: 20    Str: 24 (25) XL:     11   Next: 73%
Magic:  10/10      EV: 14    Int:  7      God:    Trog [*****.]
Gold:   627        SH:  0    Dex: 10      Spells: 10/10 levels left

rFire    . . .     SeeInvis +   q - +2 executioner's axe (flame)
rCold    . . .     Gourm    .   (shield currently unavailable)
rNeg     . . .     Faith    .   C - +6 scale mail "Qoluustro" {Int+3 SInv}
rPois    .         Spirit   .   (helmet restricted)
rElec    .         Reflect  .   T - +0 cloak
rCorr    .         Harm     .   a - +1 pair of gloves
MR       .....                  y - +0 pair of boots
Stlth    ..........             (no amulet)
Regen    0.3/turn               D - ring of see invisible
MPRegen  0.2/turn               E - +3 ring of evasion

@: about to teleport, frozen, very slow
A: retaliatory headbutt, horns 2, mutation resistance 1
a: Berserk, Trog's Hand, Brothers in Arms, Burn Spellbooks, Renounce Religion


You were on level 3 of the Lair of Beasts.
You worshipped Trog.
Trog was extremely pleased with you.
You were hungry.

You visited 2 branches of the dungeon, and saw 13 of its levels.

You collected 627 gold pieces.

Inventory:

Hand Weapons
 q - a +2 executioner's axe of flaming (weapon)
 V - a +2 antimagic battleaxe
Missiles
 e - a throwing net (quivered)
Armour
 a - a +1 pair of gloves (worn)
 d - a +0 troll leather armour
 y - a +0 pair of boots (worn)
 C - the +6 scale mail "Qoluustro" (worn) {Int+3 SInv}
   (You found it on level 4 of the Dungeon)

   It affects your intelligence (+3).
   It lets you see invisible.
 J - a +0 plate armour
 K - a +0 buckler
 T - a +0 cloak (worn)
Jewellery
 i - an uncursed ring of ice
 m - a +6 ring of intelligence
 D - a ring of see invisible (left hand)
 E - a +3 ring of evasion (right hand)
Wands
 n - a wand of iceblast (8/15)
 A - a wand of enslavement (2/24)
 G - a wand of digging (12/24)
 H - a wand of polymorph (2/24)
 N - a wand of polymorph (9/24)
 Q - a wand of paralysis (12/24)
 X - a wand of clouds (7/9)
 Y - a wand of paralysis (11/24)
Scrolls
 o - 5 scrolls of identify
 s - 2 scrolls of teleportation
 u - 2 scrolls of enchant weapon
 v - 2 scrolls of recharging
 w - a scroll of magic mapping
 x - a scroll of fear {unknown}
 B - a scroll of immolation {unknown}
 F - a scroll of noise {unknown}
 I - a scroll of enchant armour {unknown}
 M - 3 scrolls of silence
 O - a scroll of torment {unknown}
 U - 4 scrolls of remove curse
 W - a scroll of summoning {unknown}
Potions
 b - a potion of ambrosia {unknown}
 f - 3 potions of heal wounds
 k - a potion of might {unknown}
 r - 3 potions of haste {unknown}
 t - 3 potions of invisibility {unknown}
 z - a potion of lignification {unknown}
 L - 5 potions of curing {unknown}
 R - 2 potions of flight {unknown}
 Z - a potion of mutation {unknown}
Books
 j - a book of Callings

   Spells                             Type                      Level
   a - Summon Small Mammal            Summoning                    1
   b - Call Imp                       Summoning                    2
   c - Call Canine Familiar           Summoning                    3
   d - Summon Guardian Golem          Hexes/Summoning              3
   e - Summon Lightning Spire         Summoning/Air                4
   f - Summon Ice Beast               Ice/Summoning                4
   Trog disapproves of the use of such an item.
 P - a book of Air

   Spells                             Type                      Level
   a - Shock                          Conjuration/Air              1
   b - Swiftness                      Charms/Air                   2
   c - Static Discharge               Conjuration/Air              3
   d - Airstrike                      Air                          4
   e - Lightning Bolt                 Conjuration/Air              5
   Trog disapproves of the use of such an item.
 S - a book of Power

   Spells                             Type                      Level
   a - Iskenderun's Battlesphere      Conjuration/Charms           5
   b - Venom Bolt                     Conjuration/Poison           5
   c - Bolt of Magma                  Conjuration/Fire/Earth       5
   d - Iron Shot                      Conjuration/Earth            6
   e - Orb of Destruction             Conjuration                  7
   f - Spellforged Servitor           Conjuration/Summoning        7
   Trog disapproves of the use of such an item.
Miscellaneous
 l - a phantom mirror
Comestibles
 c - 9 bread rations
 g - 12 royal jellies
 h - 9 meat rations
 p - 24 chunks of flesh


   Skills:
 + Level 11.6 Fighting
 * Level 15.6 Axes
 + Level 11.4 Armour
 - Level 2.1 Dodging


You had 10 spell levels left.
You didn't know any spells.

Dungeon Overview and Level Annotations

Branches:
Dungeon (10/15)            Temple (0/1) D:4            Lair (3/6) D:8
    Orc (0/2) D:9
  Swamp: Lair:2-4    Shoals: Lair:2-4     Snake: Lair:2-4    Spider: Lair:2-4

Altars:
Ashenzari
Dithmenos
Fedhas
Hepliaklqana
Kikubaaqudgha
Nemelex Xobeh
Okawaru
Qazlal
Ru
Sif Muna
Vehumet
Yredelemnul
Zin

Annotations:
Lair:2 exclusion: oklob plant


Innate Abilities, Weirdness & Mutations

You reflexively headbutt those who attack you in melee.
You have a pair of horns on your head.
You are somewhat resistant to further mutation.


Message History

You headbutt the four-headed hydra, but do no damage.
The four-headed hydra bites you but does no damage. x3
A rime drake comes into view.
The rime drake hisses angrily.
The four-headed hydra bites you but does no damage. x2
The four-headed hydra bites you! The four-headed hydra misses you.
The rime drake breathes ice at you. The flash freeze hits you!
* * * LOW HITPOINT WARNING * * *
You are encased in ice.
As you read the scroll of teleportation, it crumbles to dust.
You feel strangely unstable.
The four-headed hydra bites you but does no damage.
The four-headed hydra misses you.
The four-headed hydra bites you but does no damage. x2
The four-headed hydra bites you but does no damage.
The four-headed hydra bites you!
* * * LOW HITPOINT WARNING * * *
The four-headed hydra bites you!
You die...

.........############
...........###P####.#####
##..###...............#.#
#. #P......≈≈≈≈≈≈.≈#.# #
##..#..≈≈≈≈≈≈≈≈≈..###
#...≈.≈≈≈≈≈≈≈≈≈≈.##.
##..#≈≈≈≈≈.≈≈≈≈.....
#...#≈≈≈≈≈>.≈≈≈.....
#..@D≈≈≈≈≈≈.≈≈≈....P
#.#...≈≈≈≈≈≈≈≈≈≈≈....
#....k...≈≈≈≈≈≈≈...#..
#.......≈≈≈≈≈≈≈≈..#...
#............≈..≈#....
##........(...#≈#.....
###...........###....
#...........## #....
.#...........# #....


You could see a four-headed hydra and a rime drake.

Vanquished Creatures
  2 two-headed ogres
  A komodo dragon (Lair:2)
  A rime drake (Lair:2)
  A troll (D:9)
  A hornet (D:9)
  Grinder (D:6)
  2 hippogriffs
  3 wyverns
  A human (D:10)
  A wraith (D:10)
  19 yaks
  2 hogs (D:10)
  A hungry ghost (D:10)
  A water moccasin (Lair:2)
  A porcupine (Lair:2)
  Duvessa (D:4)
  3 ice beasts
  6 orc warriors
  A black bear (D:9)
  A sky beast (D:8)
  6 wolves (Lair:3)
  5 centaurs
  5 ogres
  3 crocodiles
  2 big kobolds
  11 bullfrogs
  A wyvern zombie (D:7)
  A gnoll sergeant (D:8)
  Dowan (D:4)
  4 scorpions
  8 killer bees
  3 wights (D:7)
  4 electric eels
  4 crimson imps
  A quasit (D:5)
  7 hounds
  3 jellies
  17 orc priests
  Crazy Yiuf (D:6)
  3 iguanas
  16 orc wizards
  5 worker ants
  A killer bee zombie (D:8)
  A worker ant zombie (D:7)
  4 gnolls (D:8)
  8 adders
  3 shadow imps
  An ooze (D:1)
  4 worms
  4 dart slugs
  4 leopard geckos
  65 orcs
  A ball python (D:1)
  3 giant cockroaches
  2 goblins (D:1)
  6 hobgoblins
  6 jackals
  18 kobolds
  6 quokkas
  3 bats
  5 frilled lizards
  A leopard gecko skeleton (D:5)
  16 rats
  A spectral orc (D:4)
  2 fungi (Lair:2)
  2 plants (Lair:2)
328 creatures vanquished.

Vanquished Creatures (others)
  An orc (D:9)
  3 withered plants (D:8)
4 creatures vanquished.

Grand Total: 332 creatures vanquished

Notes
Turn   | Place    | Note
-------+----------+-------------------------------------------
     0 | D:1      | JiminyCricket the Minotaur Berserker began the quest for the Orb.
     0 | D:1      | Reached XP level 1. HP: 19/19 MP: 0/0
   166 | D:1      | Reached skill level 4 in Axes
   235 | D:1      | Reached XP level 2. HP: 17/27 MP: 1/1
   820 | D:1      | Reached ** piety under Trog
   820 | D:1      | Reached XP level 3. HP: 33/33 MP: 2/2
  1476 | D:2      | Reached skill level 5 in Axes
  1502 | D:2      | Found a sacrificial altar of Ru.
  1518 | D:2      | Reached XP level 4. HP: 40/40 MP: 3/3
  1555 | D:2      | Found an iron altar of Okawaru.
  1555 | D:2      | Found a hazy altar of Hepliaklqana.
  2062 | D:3      | Reached XP level 5. HP: 27/47 MP: 4/4
  2497 | D:3      | Found a shattered altar of Ashenzari.
  2539 | D:3      | Reached *** piety under Trog
  2777 | D:4      | Found a basalt altar of Yredelemnul.
  2874 | D:4      | Found a staircase to the Ecumenical Temple.
  2889 | D:4      | Noticed Duvessa
  2897 | D:4      | Killed Duvessa
  2897 | D:4      | Reached skill level 5 in Fighting
  2897 | D:4      | Reached skill level 6 in Axes
  2897 | D:4      | Reached XP level 6. HP: 33/56 MP: 5/5
  2907 | D:4      | Noticed Dowan
  2916 | D:4      | Killed Dowan
  3465 | D:4      | Reached skill level 7 in Axes
  3797 | D:4      | Got an amethyst-encrusted scale mail
  3808 | D:4      | Identified the +6 scale mail "Qoluustro" {Int+3 SInv} (You found it on level 4 of the Dungeon)
  3930 | D:4      | Reached skill level 5 in Armour
  3940 | D:5      | Entered Level 5 of the Dungeon
  4136 | D:5      | Reached XP level 7. HP: 60/62 MP: 6/6
  4155 | D:5      | Found a stormy altar of Qazlal.
  4684 | D:5      | Found a deep blue altar of Sif Muna.
  4748 | D:6      | Reached skill level 8 in Axes
  5027 | D:6      | Noticed Grinder
  5059 | D:6      | Killed Grinder
  5059 | D:6      | Reached XP level 8. HP: 56/71 MP: 7/7
  5182 | D:6      | Reached skill level 9 in Axes
  5362 | D:6      | Reached **** piety under Trog
  5462 | D:6      | Found a radiant altar of Vehumet.
  5562 | D:6      | Found a runed door.
  5566 | D:6      | Noticed Crazy Yiuf
  5570 | D:6      | Killed Crazy Yiuf
  5686 | D:7      | Reached skill level 10 in Axes
  6010 | D:7      | Reached XP level 9. HP: 74/81 MP: 8/8
  6171 | D:7      | Found a glowing silver altar of Zin.
  6171 | D:7      | Noticed an angel
  6201 | D:8      | Noticed a two-headed ogre
  6212 | D:8      | Killed a two-headed ogre
  6212 | D:8      | Reached skill level 11 in Axes
  6486 | D:8      | Gained mutation: You are somewhat resistant to further mutation. [mutagenic meat]
  6494 | D:8      | Found a staircase to the Lair.
  6513 | D:8      | Found a sparkling altar of Nemelex Xobeh.
  6602 | D:8      | Reached skill level 12 in Axes
  6903 | D:8      | Found a blossoming altar of Fedhas.
  6966 | D:8      | Found an ancient bone altar of Kikubaaqudgha.
  7346 | D:9      | Paralysed by a hornet for 2 turns
  7350 | D:9      | Reached ***** piety under Trog
  7353 | D:9      | Reached XP level 10. HP: 21/91 MP: 9/9
  7685 | D:9      | Noticed a two-headed ogre
  7691 | D:9      | Killed a two-headed ogre
  7964 | D:9      | Reached skill level 13 in Axes
  8272 | D:9      | Found a shadowy altar of Dithmenos.
  8362 | D:9      | Reached skill level 10 in Fighting
  8745 | D:9      | Received a gift from Trog
  9670 | D:9      | Reached skill level 10 in Armour
  9805 | D:9      | Found a staircase to the Orcish Mines.
 10088 | D:10     | Entered Level 10 of the Dungeon
 10158 | D:10     | Reached skill level 14 in Axes
 10357 | D:10     | Reached XP level 11. HP: 101/101 MP: 3/10
 10398 | D:10     | Found a basalt altar of Yredelemnul.
 11324 | Lair:1   | Entered Level 1 of the Lair of Beasts
 11827 | Lair:1   | Noticed an eight-headed hydra
 12177 | Lair:2   | Reached skill level 15 in Axes
 12441 | Lair:2   | Noticed an oklob plant
 13227 | Lair:3   | Received a gift from Trog
 13661 | Lair:3   | Noticed a four-headed hydra
 13695 | Lair:3   | HP: 5/104 [four-headed hydra (7)]
 13695 | Lair:3   | Slain by a four-headed hydra

Vault maps used:
D:1:      lightli_arrival_farm
D:2:      lemuel_crystal_altar, gammafunk_temple_overflow_wave
D:3:      evilmike_ruin_ashenzari
D:4:      yredelemnul_forgotten_temple_becter, temple_statues, first_bread,
          uniq_duvessa
D:5:      old_standard_altar, kennysheep_path_1, led_sif_pool
D:6:      nicolae_overflow_crystal_walls, uniq_grinder, uniq_crazy_yiuf_cottage
D:7:      zin_angel
D:8:      lemuel_crystal_altar, kiku_gazebo_garden_becter,
          nemelex_xobeh_ov_fountains_minmay, dpeg_oklobed_lair
D:9:      overflow_temple_1_default, erik_orc_2
D:10:     grunt_livestock, grunt_decor_mini_mirrors, yredelemnul_altar_generic
Lair:1:   serial_bayou, serial_bayou_pond_d, serial_bayou_crossing,
          serial_bayou_lagoon_b, serial_bayou_shore_b, st_stairs_11
Lair:2:   fungi_pond_lemuel, minmay_lair_oklob_chamber, serial_bayou_shore_a
Lair:3:   minmay_snake_entry_guardpost_small, minmay_stone_trees_small,
          infiniplex_staircase_pool_2, uniq_snorg, uniq_rupert

Skill      XL: |  1  2  3  4  5  6  7  8  9 10 11 |
---------------+----------------------------------+-----
Axes           | 4 5 6 7 8 10 12 14 15 | 15.6
Armour         | 3 4 5 6 7 8 10 11 | 11.4
Fighting       | 4 5 6 7 9 10 11 | 11.6
Dodging        | |  2.1

Action                   |  1- 3 |  4- 6 |  7- 9 | 10-12 || total
-------------------------+-------+-------+-------+-------++-------
Melee: Hand axe          |    84 |       |       |       ||    84
       Headbutt          |    14 |    16 |    38 |    76 ||   144
       War axe           |       |   122 |   264 |   139 ||   525
       Battleaxe         |       |       |       |   255 ||   255
       Executioner's axe |       |       |       |    15 ||    15
Invok: Berserk           |       |     1 |     3 |     2 ||     6
Evoke: Wand              |       |       |       |     1 ||     1
  Use: Scroll            |       |       |     9 |     4 ||    13
       Potion            |       |       |       |     1 ||     1
  Eat: Chunk             |     2 |     6 |    14 |    14 ||    36
       Bread ration      |       |     1 |       |     2 ||     3
       Fruit             |       |       |       |     3 ||     3
Armor: Scale mail        |    43 |    57 |    93 |   201 ||   394
Dodge: Dodged            |    39 |    60 |   184 |   274 ||   557
